Map: Jagannatha LE

Players

Probe - Winner!

  • Race: Protoss Protoss

MeomaikA

  • Race: Zerg Zerg

Event: DreamHack SC2 Masters 2021 Fall

VOD

Have the link to the VOD?

Description

Time

  • Played on: Aug. 1, 2021, 6:04 a.m.
  • Length: 8:01

All games in this series

Show
View Real Time Build Order
Export as new Build Order

Probe Protoss - Winner!

Build Orders: 1 Gate Expand, Oracle Opening 

Get SALT Encoding   

  12  0:00  Probe  
  13  0:12  Probe  
  14  0:18  Pylon  
  14  0:24  Probe  
  15  0:37  Probe (Chrono Boost)  
  15  0:38  Gateway  
  16  0:46  Probe (Chrono Boost)  
  16  0:49  Assimilator  
  17  0:51  Probe (Chrono Boost)  
  18  1:03  Probe  
  19  1:15  Probe  
  20  1:27  Nexus  
  20  1:37  Cybernetics Core  
  20  1:39  Cybernetics Core  
  20  1:43  Probe  
  21  1:48  Assimilator  
  21  1:55  Probe  
  21  1:58  Pylon  
  22  2:07  Probe (Chrono Boost)  
  23  2:13  Adept (Chrono Boost)  
  23  2:19  Probe (Chrono Boost)  
  26  2:25  Stargate  
  26  2:28  Probe (Chrono Boost)  
  27  2:34  Probe  
  27  2:35  Adept (Chrono Boost)  
  30  2:39  Probe  
  31  2:46  Probe  
  31  2:48  Warp Gate  
  32  2:52  Probe  
  32  2:58  Probe  
  34  3:04  Adept, Probe  
  37  3:07  Oracle (Chrono Boost)  
  37  3:10  Probe  
  41  3:16  Probe  
  41  3:18  Pylon  
  42  3:22  Probe  
  43  3:30  Gateway, Probe, Void Ray (Chrono Boost)  
  44  3:34  Probe  
  47  3:45  Probe  
  47  3:47  Probe  
  49  3:48  Pylon  
  49  3:57  Probe  
  49  3:59  Probe  
  51  4:08  Nexus  
  51  4:09  Pylon, Probe  
  52  4:11  Probe  
  53  4:17  Assimilator  
  53  4:19  Stargate  
  53  4:20  Assimilator  
  53  4:22  Probe  
  53  4:23  Probe  
  55  4:34  Probe  
  55  4:35  Probe  
  55  4:41  Protoss Air Weapons Level 1 (Chrono Boost)  
  55  4:45  Forge  
  55  4:46  Probe  
  55  4:49  Void Ray (Chrono Boost), Probe  
  55  4:52  Shield Battery  
  57  4:54  Shield Battery  
  57  4:58  Void Ray (Chrono Boost), Probe  
  62  5:00  Pylon  
  62  5:01  Probe  
  67  5:13  Shield Battery  
  67  5:14  Shield Battery, Probe  
  68  5:21  Photon Cannon  
  68  5:24  Void Ray (Chrono Boost)  
  72  5:34  Robotics Facility  
  72  5:35  Stalker  
  74  5:40  Shield Battery, Photon Cannon  
  74  5:42  Void Ray  
  78  5:51  Stalker  
  78  5:54  Probe  
  81  6:00  Stalker  
  81  6:01  Probe  
  81  6:03  Void Ray  
  84  6:06  Probe  
  84  6:10  Probe  
  88  6:13  Probe  
  89  6:19  Probe  
  90  6:29  Zealot  
  90  6:31  Pylon  
  90  6:32  Pylon x2  
  92  6:36  Probe  
  92  6:37  Immortal (Chrono Boost)  
  92  6:39  Cybernetics Core  
  91  6:43  Void Ray x2  
  91  6:45  Zealot  
  89  6:47  Probe  
  98  6:58  Probe x2  
  100  7:01  Probe  
  101  7:10  Photon Cannon, Probe  
  101  7:11  Photon Cannon  
  110  7:33  Shield Battery  
  110  7:35  Shield Battery  
  110  7:37  Pylon, Zealot  
  110  7:38  Zealot  
Show
View Real Time Build Order
Export as new Build Order

MeomaikA Zerg 

Build Orders: Hatch First 

Get SALT Encoding   

  12  0:00  Drone  
  13  0:08  Drone  
  14  0:16  Overlord  
  14  0:26  Extractor  
  14  0:27  Drone  
  15  0:35  Drone x2  
  17  0:45  Drone  
  18  0:58  Hatchery  
  18  1:01  Drone  
  18  1:12  Spawning Pool  
  18  1:14  Drone  
  18  1:16  Extractor  
  17  1:18  Drone  
  18  1:26  Drone  
  19  1:44  Overlord  
  19  1:48  Drone  
  20  1:58  Queen  
  22  2:03  Drone  
  23  2:09  Drone  
  23  2:10  Queen, Drone  
  23  2:15  Metabolic Boost  
  27  2:20  Drone  
  27  2:21  Drone  
  29  2:37  Drone, Hatchery  
  29  2:39  Zergling x2  
  29  2:42  Drone  
  31  2:45  Drone  
  32  2:52  Overlord  
  32  2:54  Drone  
  33  2:59  Queen  
  33  3:04  Drone  
  36  3:10  Queen  
  36  3:11  Drone  
  40  3:12  Drone  
  40  3:15  Drone  
  40  3:18  Drone x2  
  43  3:22  Zergling x2  
  43  3:32  Overlord  
  43  3:36  Roach Warren  
  43  3:39  Zergling x4  
  43  3:40  Overlord  
  44  3:44  Spore Crawler  
  43  3:51  Queen  
  43  3:53  Queen  
  47  3:59  Queen  
  47  4:01  Drone  
  51  4:02  Drone  
  51  4:04  Drone  
  51  4:06  Drone  
  51  4:08  Drone  
  55  4:10  Drone  
  55  4:12  Drone  
  55  4:15  Drone x2  
  58  4:25  Overlord  
  58  4:29  Overlord  
  57  4:33  Queen  
  57  4:36  Queen  
  56  4:42  Overlord  
  56  4:43  Drone x2  
  56  4:44  Drone  
  57  4:49  Queen  
  57  4:51  Roach  
  61  4:55  Roach x2  
  61  4:58  Roach  
  67  5:02  Roach  
  67  5:03  Roach  
  67  5:06  Roach  
  70  5:08  Roach  
  70  5:11  Roach  
  73  5:21  Zergling x8  
  73  5:22  Zergling x4  
  73  5:23  Ravager  
  73  5:24  Ravager  
  73  5:27  Ravager  
  82  5:29  Overlord  
  82  5:36  Overlord  
  82  5:49  Zergling x8  
  84  5:59  Zergling x2  
  84  6:02  Drone  
  84  6:04  Roach x4  
  84  6:05  Roach x2  
  84  6:08  Drone x2  
  92  6:11  Drone x5  
  92  6:12  Drone x2  
  91  6:20  Drone  
  91  6:24  Drone  
  89  6:25  Drone  
  89  6:28  Zergling x2  
  85  6:36  Roach  
  85  6:37  Roach  
  86  6:41  Roach  
  86  6:45  Roach  
  79  6:47  Drone  
  79  6:48  Queen x2  
  79  6:52  Drone  
  81  6:55  Drone x2  
  81  7:01  Drone  
  80  7:03  Queen  
  80  7:06  Drone  
  80  7:07  Spore Crawler  
  74  7:09  Drone  
  74  7:14  Drone  
  73  7:17  Drone x2  
  73  7:22  Drone  
  68  7:23  Queen  
  68  7:24  Queen  
  72  7:32  Zergling x2  
  72  7:34  Zergling x2  
  72  7:36  Zergling x2  
  75  7:38  Zergling x2  

Tags
 
Add a new tag
Caveats
  • Supply blocks, unpowered buildings, or Contaminate may cause inaccurate times.
  • Supply counts are checked every 10 seconds.